 Dungeon Crawl Stone Soup version 0.30-a0-469-g84de5afbc5 (webtiles) character file.

Game seed: 1221096475902324854

60 cforsyth the Cudgeller (level 3, 0/32 HPs)
             Began as an Armataur Gladiator on Dec 19, 2022.
             Slain by a centaur (4 damage)
             ... on level 3 of the Dungeon.
             The game lasted 00:02:32 (1873 turns).

cforsyth the Cudgeller (Armataur Gladiator)         Turns: 1873, Time: 00:02:32

Health: 0/32       AC:  5    Str: 21    XL:     3   Next: 82%
Magic:  3/3        EV:  9    Int:  8    God:
Gold:   38         SH:  0    Dex: 11    Spells: 2/2 levels left

rFire   . . .      SeeInvis .    a - +0 flail
rCold   . . .      Faith    .    (no shield)
rNeg    . . .      Spirit   .    b - +0 leather armour
rPois   .          Reflect  .    c - +0 helmet
rElec   .          Harm     .    (no cloak)
rCorr   .          Roll     +    (no gloves)
Will    .....                    (no barding)
Stlth   +.........               (no amulet)
HPRegen 0.25/turn                (no ring)
MPRegen 0.08/turn                (no ring)

@: no status effects
A: large, rugged brown scales 3, deformed body, armoured tail, roll, long
tongue, awkward tongue
a: no special abilities


You were on level 3 of the Dungeon.
You visited 1 branch of the dungeon, and saw 3 of its levels.

You collected 38 gold pieces.

Inventory:

Hand Weapons
 a - a +0 flail (weapon)
Missiles
 d - 3 throwing nets (quivered)
 e - a javelin
Armour
 b - a +0 leather armour (worn)
 c - a +0 helmet (worn)
Jewellery
 i - a +6 ring of intelligence
Scrolls
 f - 2 scrolls of identify {unknown}
 h - a scroll of fog {unknown}
 m - a scroll of butterflies {unknown}
 p - a scroll of teleportation {unknown}
Potions
 g - a potion of mutation {unknown}
 j - a potion of resistance {unknown}
 k - a potion of magic {unknown}
 l - 2 potions of attraction {unknown}
 n - 2 potions of might {unknown}
 o - a potion of heal wounds {unknown}
 q - a potion of berserk rage {unknown}


   Skills:
 + Level 2.6 Fighting
 + Level 3.3 Maces & Flails
 - Level 1.7 Throwing
 + Level 2.3 Armour
 - Level 2.1 Dodging


You had 2 spell levels left.
You didn't know any spells.
Your spell library contained the following spells:

 Spells                   Type           Power      Damage    Failure   Level
 Apportation              Tloc           0%         N/A       45%         1
 Necrotise                Necr           0%         1d4       45%         1
 Summon Small Mammal      Summ           0%         N/A       45%         1
 Blink                    Tloc           0%         N/A       58%         2
 Momentum Strike          Conj/Tloc      0%         3d8       58%         2
 Inner Flame              Hex/Fire       0%         N/A       83%         3
 Lesser Beckoning         Tloc           0%         N/A       83%         3
 Portal Projectile        Hex/Tloc       0%         N/A       83%         3
 Tukima's Dance           Hex            0%         N/A       83%         3
 Flame Wave               Conj/Fire      0%         2d4       99%         4
 Sticky Flame             Conj/Fire      0%         2d3       99%         4
 Blade Hands              Tmut           0%         N/A       100%        5


Dungeon Overview and Level Annotations

Branches:
Dungeon (3/15)

Altars:


Innate Abilities, Weirdness & Mutations

You are completely covered in rugged brown scales. (AC +3, +7% HP)
Armour fits poorly on your strangely shaped body.
You have a long armoured tail.
You roll when moving toward enemies. (Rampage)
Your long tongue fully drains potion bottles. (2x potion effects)
Your tongue gives you trouble enunciating. (1.5x scroll delay)


Message History

(D) Dungeon
Where to? (Enter - D:2, ? - help)
You enter the shallow water.
There is a stone staircase leading down here.
You climb downwards.
Found a chain mail.
There is a stone staircase leading up here.
A giant cockroach is nearby!
A giant cockroach is nearby!
A giant cockroach is nearby!
A giant cockroach is nearby!
A giant cockroach is nearby!
You hit the giant cockroach.
You kill the giant cockroach!
No target in view!
No target in view!
No target in view!
No target in view!
No target in view!
There is a stone staircase leading up here.
Found a stone staircase leading down.
A centaur comes into view.
The centaur shouts!
The centaur wields a +0 shortbow.
The centaur shoots an arrow.
The arrow hits you!
A centaur is nearby!
You are too injured to fight recklessly!
You are too injured to fight recklessly!
You are too injured to fight recklessly!
You are too injured to fight recklessly!
You are too injured to fight recklessly!
You roll towards the centaur!
The centaur shoots an arrow.
The arrow hits you!
You roll towards the centaur!
The centaur shoots an arrow.
The arrow hits you!
You roll towards the centaur!
You barely miss the centaur.
The centaur unwields a +0 shortbow.
The centaur hits you.
* * * LOW HITPOINT WARNING * * *
The centaur kicks you.
* * * LOW HITPOINT WARNING * * *
The centaur hits you.
You die...

#######
##############......
#.c@...........#####
#.############## ##
# #####. #...<.
#.###. # ## . # >


You could see a centaur.

Vanquished Creatures
  An adder (D:2)
  4 ball pythons
  11 bats
  4 endoplasms (D:1)
  2 giant cockroaches
  3 goblins
  A hobgoblin (D:2)
  2 jackals (D:2)
  6 kobolds (D:1)
  4 quokkas
  2 frilled lizards (D:1)
  3 rats
43 creatures vanquished.

Notes
Turn   | Place    | Note
-------+----------+-------------------------------------------
     0 | D:1      | cforsyth the Armataur Gladiator began the quest for the
                  | Orb.
     0 | D:1      | Reached XP level 1. HP: 18/18 MP: 1/1
   218 | D:1      | Reached skill level 1 in Armour
   287 | D:1      | Reached XP level 2. HP: 24/25 MP: 2/2
   368 | D:1      | Reached skill level 3 in Maces & Flails
   706 | D:1      | Reached XP level 3. HP: 32/32 MP: 3/3
  1460 | D:2      | Found a faded altar of an unknown god.
  1870 | D:3      | Noticed a centaur
  1873 | D:3      | Slain by a centaur

Illustrated notes

Levels and vault maps discovered:
D:1:      lemuel_arrival_funnel, layout_basic
D:2:      wander_river, layout_basic, ebering_ecumenical_altar_box
D:3:      layout_loops_ring, grunt_decor_arrowhead, minmay_misc_feat_room,
          minmay_between

Skill      XL: |  1  2  3 |
---------------+----------+-----
Fighting       | 2 |  2.6
Armour         | 1 2 |  2.3
Maces & Flails | 3 |  3.3
Throwing       | |  1.7
Dodging        | |  2.1

Action                   || total
-------------------------++-------
Melee: Flail             ||   104
       Tailslap          ||     7
       Punch             ||     1
 Stab: Sleeping          ||     1
Armor: Leather armour    ||    54
Dodge: Dodged            ||    55

Table legend: (Time is in decaauts)
 A = Elapsed time spent in this place.
 B = Non-inter-level travel time spent in this place.
 C = Inter-level travel time spent in this place.
 D = Time resting spent in this place.
 E = Time spent auto-exploring this place.
 F = Levels seen in this place.
 G = Mean time per level.
                   A        B        C        D        E       F      G
               +--------+--------+--------+--------+--------+-----+--------+
         Total |   1897 |   1830 |     67 |      0 |   1565 |   3 |  632.3 |
       Dungeon |   1897 |   1830 |     67 |      0 |   1565 |   3 |  632.3 |
               +--------+--------+--------+--------+--------+-----+--------+

Top non-repeatable levels by time:
     D:1: 989 daAuts
     D:2: 884 daAuts
     D:3: 24 daAuts
